 Dungeon Crawl Stone Soup version 0.29.1-13-g9f3cf754e1 (webtiles) character file.

Game seed: 463391700943000785

24 bubby the Chopper (level 3, 0/19 HPs)
             Began as a Vine Stalker Fighter on Jan 25, 2023.
             Succumbed to an adder's poison
             ... on level 2 of the Dungeon.
             The game lasted 00:01:05 (1075 turns).

bubby the Chopper (Vine Stalker Fighter)            Turns: 1075, Time: 00:01:06

Health: 0/19       AC:  6    Str: 20    XL:     3   Next: 2%
Magic:  4/4        EV:  9    Int:  8    God:
Gold:   38         SH:  4    Dex: 13    Spells: 2/2 levels left

rFire   . . .      SeeInvis .   a - +0 war axe
rCold   . . .      Faith    .   c - +0 buckler
rNeg    . . .      Spirit   +   b - +0 scale mail
rPois   .          Reflect  .   (no helmet)
rElec   .          Harm     .   (no cloak)
rCorr   .          Rampage  .   (no gloves)
Will    .....                   (no boots)
Stlth   ..........              (no amulet)
HPRegen 0.06/turn               (no ring)
MPRegen 0.09/turn               (no ring)

@: lethally poisoned (0 -> -2), hasted, very quick
A: fangs 2, magic shield, antimagic bite, no potion heal 2
a: no special abilities


You were on level 2 of the Dungeon.
You visited 1 branch of the dungeon, and saw 2 of its levels.

You collected 38 gold pieces.

Inventory:

Hand Weapons
 a - a +0 war axe (weapon)
Armour
 b - a +0 scale mail (worn)
 c - a +0 buckler (worn)
Scrolls
 e - 2 scrolls of fear {unknown}
 f - a scroll of blinking {unknown}
 h - a scroll of teleportation {unknown}
 j - a scroll of identify {unknown}
 l - a scroll of silence {unknown}
 n - a scroll of acquirement {unknown}
Potions
 d - a potion of might
 g - a potion of brilliance {unknown}
 i - a potion of ambrosia {unknown}
 k - a potion of resistance {unknown}
 m - a potion of haste


   Skills:
 - Level 2.7 Fighting
 + Level 2.9 Axes
 - Level 2.4 Armour
 - Level 2.7 Shields


You had 2 spell levels left.
You didn't know any spells.
Your spell library was empty.

Dungeon Overview and Level Annotations

Branches:
Dungeon (2/15)

Altars:


Innate Abilities, Weirdness & Mutations

You have extremely sharp teeth.
When hurt, damage is shared between your health and your magic reserves.
Your bite disrupts and absorbs the magic of your enemies.
Potions cannot restore your health.


Message History

The adder bites you but does no damage. x2
You closely miss the adder.
The adder is almost dead.
The adder bites you.
You are poisoned.
The adder poisons you! The adder bites you but does no damage.
You completely miss the adder. Your bite misses the adder.
The adder is almost dead.
You feel very sick. The adder bites you.
You are lethally poisoned!
The adder poisons you!
You barely miss the adder.
The adder is almost dead.
You feel very sick. The adder bites you but does no damage.
The adder barely misses you.
You are too injured to fight recklessly!
You barely miss the adder.
The adder is almost dead.
You feel very sick. The adder bites you but does no damage.
The adder barely misses you.
You barely miss the adder. Your bite misses the adder.
The adder is severely wounded.
* * * LOW HITPOINT WARNING * * *
You feel sick. The adder bites you but does no damage.
The adder closely misses you.
You closely miss the adder. Your bite misses the adder.
The adder is severely wounded.
* * * LOW HITPOINT WARNING * * *
You feel sick. The adder barely misses you. x2
You hit the adder.
You kill the adder!
* * * LOW HITPOINT WARNING * * *
You feel sick.
You have reached level 3!
Your experience leads to an increase in your attributes!
Increase (S)trength, (I)ntelligence, or (D)exterity?
You feel stronger. x2
It was a potion of haste.
You feel yourself speed up.
You die...

..## ...#
#........ ...#
#....... ...#
#...... #'##
#..... #.# #....
#.# ... #.# #'#
#.# #@# #.# #.#
#.##############.#
#................#
##################


There were no monsters in sight!

Vanquished Creatures
  An adder (D:2)
  A dart slug (D:1)
  2 endoplasms (D:1)
  2 goblins (D:1)
  2 hobgoblins (D:1)
  3 ball pythons
  2 bats (D:1)
  A kobold (D:1)
  A rat (D:1)
15 creatures vanquished.

Notes
Turn   | Place    | Note
-------+----------+-------------------------------------------
     0 | D:1      | bubby the Vine Stalker Fighter began the quest for the Orb.
     0 | D:1      | Reached XP level 1. HP: 11/11 MP: 2/2
   153 | D:1      | Reached XP level 2. HP: 15/16 MP: 1/3
  1075 | D:2      | Reached XP level 3. HP: 1/19 MP: 4/4
  1075 | D:2      | Succumbed to an adder's poison

Illustrated notes

Levels and vault maps discovered:
D:1:      dpeg_arrival_another_circle, layout_loops_ring
D:2:      layout_basic, hellmonk_ecumenical_altar_leap_of_faith,
          serial_park_tiny_1, minmay_pentomino_r4, uniq_crazy_yiuf_cottage

Skill      XL: |  1 |
---------------+----+-----
Axes           | 2 |  2.9
Fighting       | |  2.7
Armour         | |  2.4
Shields        | |  2.7

Action                   || total
-------------------------++-------
Melee: War axe           ||    38
       Bite              ||     8
  Use: Potion            ||     1
Armor: Scale mail        ||    16
Dodge: Dodged            ||    18
Block: Buckler           ||     6
